Sasquatch vs Demolitions
(R2)
Created - May 1, 2020 at 19:44
Goals
|
| Sasquatch |
0 |
1 |
0 |
1 |
| Demolitions |
2 |
2 |
1 |
5 |
|
Shots
|
| Sasquatch |
11 |
7 |
5 |
23 |
| Demolitions |
12 |
10 |
7 |
29 |
|
1st period
1. Demolitions , Joshua Leivo 20 (J.T. Brown 41, Phil McRae 17) at 0:32
2. Demolitions , Spencer Machacek 51 (Lane MacDermid 37, Daultan Leveillé 68) at 17:06
Penalties :
Ian Cole (Gat) for Tripping (Minor) at 6:32
2nd period
3. Sasquatch , Matt Halischuk 44 (Devin Shore 72) at 0:39
4. Demolitions , Taylor Beck 37 (Jake Muzzin 25) at 3:53
5. Demolitions , Lane MacDermid 42 (Spencer Machacek 78, Dennis Everberg 53) at 14:24
Penalties :
Daultan Leveillé (Vic) for Tripping (Minor) at 4:48, Devin Shore (Gat) for Cross-checking (Minor) at 9:16
3rd period
6. Demolitions , Lane MacDermid 43 (Tommy Vannelli 6, Spencer Machacek 79) at 14:18
Penalties :
Jujhar Khaira (Gat) for Hooking (Minor) at 6:05, Nikita Tryamkin (Vic) for Hooking (Minor) at 9:03, Ian Cole (Gat) for Cross-checking (Minor) at 14:27, Jujhar Khaira (Gat) for Elbowing (Minor) at 18:29
Goalie Stats
Joonas Korpisalo (Gat), 24 saves from 29 shots - (0.828), L, 37-17-4, 60:00 minutes
Antti Raanta (Vic), 22 saves from 23 shots - (0.957), W, 13-8-1, 60:00 minutes
Players Stats for Sasquatch
Player Name G A P +/- PIM S H SB GA TA FO MP PP MP PK MP
------------------------------------------------------------------------------------
Brett Pesce 0 0 0 -1 0 0 1 0 0 0 0/0 17:08 1:31 2:47
Brock Trotter 0 0 0 -1 0 2 2 0 0 0 0/0 10:17 0:44 1:53
Devin Shore 0 1 1 -1 2 0 2 0 1 0 9/22 18:19 1:42 0:57
Dmitri Orlov 0 0 0 0 0 0 0 0 1 0 0/0 19:07 1:19 0:56
Dylan Sikura 0 0 0 0 0 0 0 0 0 0 0/0 8:54 0:00 0:00
Ian Cole 0 0 0 -3 4 1 3 3 1 1 0/0 23:14 2:27 3:12
Jimmy Vesey 0 0 0 -1 0 4 1 1 0 2 0/0 17:41 1:54 0:07
Jujhar Khaira 0 0 0 -2 4 0 1 1 0 0 1/2 17:13 1:03 1:51
Martin Frk 0 0 0 -1 0 1 3 0 1 0 0/0 8:01 0:51 0:00
Martin Marincin 0 0 0 -1 0 0 0 1 0 0 0/0 16:40 0:00 3:48
Matt Halischuk 1 0 1 -1 0 5 2 0 1 0 0/1 19:55 1:54 2:21
Mirco Mueller 0 0 0 0 0 0 1 0 0 0 0/0 19:08 0:12 2:52
Patrick Wey 0 0 0 -3 0 1 2 1 0 0 0/0 25:11 2:27 5:17
Petr Straka 0 0 0 -2 0 4 0 0 0 0 1/1 17:54 1:13 1:51
Quinton Howden 0 0 0 0 0 1 1 0 1 0 3/4 10:35 0:35 1:04
Sergey Kalinin 0 0 0 -2 0 1 1 3 2 0 7/14 18:47 0:12 3:47
T.J. Tynan 0 0 0 -1 0 1 0 0 0 0 1/3 8:35 1:46 0:07
Teemu Hartikainen 0 0 0 0 0 2 4 0 0 0 0/0 13:50 0:00 4:54
Players Stats for Demolitions
Player Name G A P +/- PIM S H SB GA TA FO MP PP MP PK MP
------------------------------------------------------------------------------------
Aaron Palushaj 0 0 0 0 0 0 1 0 0 0 0/0 1:15 0:59 0:00
Alex Hutchings 0 0 0 0 0 0 0 0 0 0 0/1 2:30 0:39 1:51
Andrej Nestrasil 0 0 0 1 0 3 1 0 0 0 7/9 16:35 4:15 0:58
Brendan Perlini 0 0 0 0 0 0 0 0 0 0 0/0 0:00 0:00 0:00
Christoph Bertschy 0 0 0 0 0 0 3 0 0 0 3/4 9:55 0:09 1:32
Colton Sceviour 0 0 0 0 0 0 0 0 0 0 0/0 0:00 0:00 0:00
Daultan Leveillé 0 1 1 3 2 3 0 0 1 1 11/24 21:22 4:01 0:18
Dennis Everberg 0 1 1 1 0 4 1 0 1 1 0/0 15:53 4:15 0:16
J.T. Brown 0 1 1 0 0 1 1 0 0 0 0/0 10:57 1:01 0:00
Jake Muzzin 0 1 1 3 0 0 2 3 0 1 0/0 27:05 4:17 1:53
Jared Staal 0 0 0 0 0 0 1 0 0 0 0/0 8:14 0:00 0:00
Joshua Leivo 1 0 1 0 0 1 0 0 0 0 0/0 9:40 0:00 0:00
Lane MacDermid 2 1 3 3 0 3 2 3 0 1 1/2 21:38 3:51 0:47
Michael Ferland 0 0 0 0 0 0 3 0 0 1 0/0 8:14 0:00 0:00
Mitch Callahan 0 0 0 0 0 0 0 0 0 0 0/0 1:08 0:52 0:00
Nick Pryor 0 0 0 0 0 1 0 0 0 1 0/0 11:15 0:00 0:36
Nikita Tryamkin 0 0 0 1 2 0 1 0 0 1 0/0 20:01 4:24 0:54
Phil McRae 0 1 1 0 0 1 1 0 1 0 2/5 9:40 0:00 0:00
Robert Bortuzzo 0 0 0 1 0 1 3 1 0 0 0/0 23:54 4:17 1:53
Ryan Pulock 0 0 0 1 0 0 2 0 0 1 0/0 20:44 4:24 1:40
Spencer Machacek 1 2 3 3 0 7 0 2 0 0 1/2 22:14 4:01 1:09
Taylor Aronson 0 0 0 0 0 0 1 0 0 0 0/0 12:11 0:45 0:25
Taylor Beck 1 0 1 1 0 4 1 0 0 0 0/0 16:42 4:15 1:05
Tommy Vannelli 0 1 1 2 0 0 0 0 0 0 0/0 4:53 0:45 0:35
Tyler Graovac 0 0 0 0 0 0 0 0 0 0 0/0 0:00 0:00 0:00
3 Stars
1 - Lane MacDermid (Vic)
2 - Spencer Machacek (Vic)
3 - Jake Muzzin (Vic)
Power Play
Sasquatch - 0 on 2 Attempt(s) - 0.00%
Demolitions - 0 on 5 Attempt(s) - 0.00%
Penalty Kill
Sasquatch - 5 on 5 Attempt(s) - 100.00%
- Score 0 goal in Penalty Kill
Demolitions - 2 on 2 Attempt(s) - 100.00%
- Score 0 goal in Penalty Kill
Team Stat
Sasquatch - Hits : 24 - Faceoff Wins : 22 - Blocked Shots : 10 - Penalty Minutes : 10
Demolitions - Hits : 24 - Faceoff Wins : 25 - Blocked Shots : 9 - Penalty Minutes : 4
Official
Referees : Unknown
Linesman : Unknown
Game Notes
No Game Note
Finance
Level 1 -- Attendance: 2000 (100.00%) -- Ticket Income $26,000
Level 2 -- Attendance: 1000 (100.00%) -- Ticket Income $2,000
Total Attendance: 3000 (100.00%)
Total Ticket Income: $28,000
Other Income: $1,400
Total Income: $29,400
Sasquatch
5 vs 5 Forward
Center Left Wing Right Wing Time % Phy DF OF
1 Devin Shore Jimmy Vesey Matt Halischuk 40 1 2 2
2 Sergey Kalinin Jujhar Khaira Petr Straka 30 1 2 2
3 Quinton Howden Teemu Hartikainen Dylan Sikura 20 1 2 2
4 T.J. Tynan Brock Trotter Martin Frk 10 1 2 2
5 vs 5 Defense
Defense Defense Time % Phy DF OF
1 Ian Cole Patrick Wey 40 1 2 2
2 Brett Pesce Martin Marincin 30 1 2 2
3 Dmitri Orlov Mirco Mueller 20 1 2 2
4 Ian Cole Patrick Wey 10 1 2 2
PowerPlay Forward
Center Left Wing Right Wing Time % Phy DF OF
1 Devin Shore Jimmy Vesey Matt Halischuk 60 1 2 2
2 T.J. Tynan Jujhar Khaira Petr Straka 40 1 2 2
PowerPlay Defense
Defense Defense Time % Phy DF OF
1 Ian Cole Patrick Wey 60 1 2 2
2 Dmitri Orlov Brett Pesce 40 1 2 2
Penalty Kill 4 Players Forward
Center Wing Time % Phy DF OF
1 Sergey Kalinin Teemu Hartikainen 60 1 2 2
2 Matt Halischuk Jujhar Khaira 40 1 2 2
Penalty Kill 4 Players Defense
Defense Defense Time % Phy DF OF
1 Patrick Wey Ian Cole 60 1 2 2
2 Mirco Mueller Martin Marincin 40 1 2 2
Penalty Kill - 3 Players Forward
Forward Time % Phy DF OF
1 Brock Trotter 60 1 2 2
2 Quinton Howden 40 1 2 2
Penalty Kill - 3 Players Defense
Defense Defense Time % Phy DF OF
1 Martin Marincin Ian Cole 60 1 2 2
2 Patrick Wey Mirco Mueller 40 1 2 2
4 vs 4 Forward
Center Wing Time % Phy DF OF
1 Quinton Howden Matt Halischuk 60 1 2 2
2 Sergey Kalinin Jujhar Khaira 40 1 2 2
4 vs 4 Defense
Defense Defense Time % Phy DF OF
1 Ian Cole Martin Marincin 60 1 2 2
2 Patrick Wey Brett Pesce 40 1 2 2
Last Minutes Offensive
Center Left Wing Right Wing Defense Defense
Devin Shore Jimmy Vesey Matt Halischuk Ian Cole Patrick Wey
Last Minutes Defensive
Center Left Wing Right Wing Defense Defense
Sergey Kalinin Jujhar Khaira Matt Halischuk Mirco Mueller Martin Marincin
Goaltenders
Starting : Joonas Korpisalo
Backup : Corey Crawford
Extra Forwards
Normal : T.J. Tynan, Devin Shore, Petr Straka - PP : Sergey Kalinin, Quinton Howden - PK : Petr Straka
Extra Defensemen
Normal : Martin Marincin, Brett Pesce, Ian Cole - PP : Mirco Mueller - PK : Brett Pesce, Dmitri Orlov
Penalty Shots
Devin Shore, Matt Halischuk, Petr Straka, Brock Trotter, Jimmy Vesey
Scratches
Nikita Nesterov (Healthy), Hudson Fasching (Healthy), Garret Ross (Healthy), Christoffer Ehn (Healthy), Alex Lintuniemi (Healthy)
Cal Petersen (Healthy)
Demolitions
5 vs 5 Forward
Center Left Wing Right Wing Time % Phy DF OF
1 Daultan Leveillé Lane MacDermid Spencer Machacek 40 1 2 2
2 Andrej Nestrasil Taylor Beck Dennis Everberg 30 1 2 2
3 Phil McRae Joshua Leivo J.T. Brown 20 1 2 2
4 Christoph Bertschy Michael Ferland Jared Staal 10 1 2 2
5 vs 5 Defense
Defense Defense Time % Phy DF OF
1 Jake Muzzin Robert Bortuzzo 40 1 2 2
2 Nikita Tryamkin Ryan Pulock 30 1 2 2
3 Taylor Aronson Nick Pryor 20 1 2 2
4 Tommy Vannelli Jake Muzzin 10 1 2 2
PowerPlay Forward
Center Left Wing Right Wing Time % Phy DF OF
1 Daultan Leveillé Lane MacDermid Spencer Machacek 60 1 2 2
2 Andrej Nestrasil Taylor Beck Dennis Everberg 40 1 2 2
PowerPlay Defense
Defense Defense Time % Phy DF OF
1 Jake Muzzin Robert Bortuzzo 60 1 2 2
2 Nikita Tryamkin Ryan Pulock 40 1 2 2
Penalty Kill 4 Players Forward
Center Wing Time % Phy DF OF
1 Spencer Machacek Daultan Leveillé 60 1 2 2
2 Lane MacDermid Dennis Everberg 40 1 2 2
Penalty Kill 4 Players Defense
Defense Defense Time % Phy DF OF
1 Jake Muzzin Robert Bortuzzo 60 1 2 2
2 Nikita Tryamkin Ryan Pulock 40 1 2 2
Penalty Kill - 3 Players Forward
Forward Time % Phy DF OF
1 Spencer Machacek 60 1 2 2
2 Daultan Leveillé 40 1 2 2
Penalty Kill - 3 Players Defense
Defense Defense Time % Phy DF OF
1 Jake Muzzin Robert Bortuzzo 60 1 2 2
2 Nikita Tryamkin Ryan Pulock 40 1 2 2
4 vs 4 Forward
Center Wing Time % Phy DF OF
1 Spencer Machacek Daultan Leveillé 60 1 2 2
2 Lane MacDermid Dennis Everberg 40 1 2 2
4 vs 4 Defense
Defense Defense Time % Phy DF OF
1 Jake Muzzin Robert Bortuzzo 60 1 2 2
2 Nikita Tryamkin Ryan Pulock 40 1 2 2
Last Minutes Offensive
Center Left Wing Right Wing Defense Defense
Daultan Leveillé Lane MacDermid Spencer Machacek Jake Muzzin Robert Bortuzzo
Last Minutes Defensive
Center Left Wing Right Wing Defense Defense
Daultan Leveillé Lane MacDermid Spencer Machacek Jake Muzzin Robert Bortuzzo
Goaltenders
Starting : Antti Raanta
Backup : Alex Stalock
Extra Forwards
Normal : Aaron Palushaj, Mitch Callahan, Alex Hutchings - PP : Aaron Palushaj, Mitch Callahan - PK : Alex Hutchings
Extra Defensemen
Normal : Taylor Aronson, Nick Pryor, Tommy Vannelli - PP : Taylor Aronson - PK : Nick Pryor, Tommy Vannelli
Penalty Shots
Spencer Machacek, Daultan Leveillé, Lane MacDermid, Dennis Everberg, J.T. Brown
Scratches
Thomas DiPauli (Healthy), Taylor Leier (Healthy), Michael Prapavessis (Healthy), Jaedon Descheneau (Healthy), Jake Paterson (Healthy)
Francois Tremblay (Healthy), Brandon Halverson (Healthy)
% Time on Ice - Sasquatch
Lines # - Real PCT - Wanted PCT - Time Play
Normal Forward
1 - 35% - 40% - 16:15
2 - 31% - 30% - 14:20
3 - 19% - 20% - 8:54
4 - 15% - 10% - 7:07
Normal Defense
1 - 36% - 40% - 16:45
2 - 26% - 30% - 12:10
3 - 34% - 20% - 15:43
4 - 4% - 10% - 1:58
PP Forward
1 - 55% - 60% - 2:12
2 - 45% - 40% - 1:46
PP Defense
1 - 62% - 60% - 2:27
2 - 38% - 40% - 1:31
PK Forward
1 - 75% - 60% - 7:05
2 - 25% - 40% - 2:21
PK Defense
1 - 70% - 60% - 6:34
2 - 30% - 40% - 2:52
PK3 Forward
1 - 0% - 60%
2 - 0% - 40%
PK3 Defense
1 - 0% - 60%
2 - 0% - 40%
44 Forward
1 - 0% - 60%
2 - 0% - 40%
44 Defense
1 - 0% - 60%
2 - 0% - 40%
Last Minute Offensive - 0:00
Last Minute Defensive - 0:00
Total
Forward - 60:00
Defense - 60:00
|
% Time on Ice - Demolitions
Lines # - Real PCT - Wanted PCT - Time Play
Normal Forward
1 - 37% - 40% - 17:20
2 - 24% - 30% - 11:22
3 - 21% - 20% - 9:40
4 - 18% - 10% - 8:14
Normal Defense
1 - 38% - 40% - 17:44
2 - 32% - 30% - 15:02
3 - 23% - 20% - 10:39
4 - 7% - 10% - 3:11
PP Forward
1 - 45% - 60% - 4:12
2 - 55% - 40% - 5:14
PP Defense
1 - 45% - 60% - 4:17
2 - 55% - 40% - 5:09
PK Forward
1 - 93% - 60% - 3:42
2 - 7% - 40% - 0:16
PK Defense
1 - 47% - 60% - 1:53
2 - 53% - 40% - 2:05
PK3 Forward
1 - 0% - 60%
2 - 0% - 40%
PK3 Defense
1 - 0% - 60%
2 - 0% - 40%
44 Forward
1 - 0% - 60%
2 - 0% - 40%
44 Defense
1 - 0% - 60%
2 - 0% - 40%
Last Minute Offensive - 0:00
Last Minute Defensive - 0:00
Total
Forward - 60:00
Defense - 60:00
|
Play-by-Play
1st period
0:01 of 1st period - Daultan Leveillé wins face-off versus Devin Shore in neutral zone.
0:04 of 1st period - Snap shot by Spencer Machacek.
0:04 of 1st period - Shot Blocked by Patrick Wey.
0:06 of 1st period - Slapshot by Robert Bortuzzo.
0:06 of 1st period - Stopped by Joonas Korpisalo with a rebound.
0:30 of 1st period - Wrist shot by J.T. Brown.
0:30 of 1st period - Shot Misses the Net.
0:32 of 1st period - Snap shot by Joshua Leivo.
0:32 of 1st period - Goal by Joshua Leivo - Sasquatch : 0 - Demolitions : 1.
0:33 of 1st period - Sergey Kalinin wins face-off versus Andrej Nestrasil in neutral zone.
0:58 of 1st period - Quinton Howden is hit by Christoph Bertschy and loses puck.
1:44 of 1st period - Backhand shot by Matt Halischuk.
1:44 of 1st period - Shot Misses the Net.
1:46 of 1st period - Slapshot by Ian Cole.
1:46 of 1st period - Shot Misses the Net.
1:48 of 1st period - Slapshot by Ian Cole.
1:48 of 1st period - Deflect By Matt Halischuk.
1:48 of 1st period - Stopped by Antti Raanta with a rebound.
2:02 of 1st period - Wrist shot by Taylor Beck.
2:02 of 1st period - Shot Misses the Net.
2:04 of 1st period - Wrist shot by Dennis Everberg.
2:04 of 1st period - Stopped by Joonas Korpisalo without a rebound.
2:05 of 1st period - Andrej Nestrasil wins face-off versus Sergey Kalinin in Sasquatch zone.
2:10 of 1st period - Snap shot by Dennis Everberg.
2:10 of 1st period - Stopped by Joonas Korpisalo with a rebound.
2:12 of 1st period - Snap shot by Andrej Nestrasil.
2:12 of 1st period - Stopped by Joonas Korpisalo with a rebound.
2:14 of 1st period - Wrist shot by Dennis Everberg.
2:14 of 1st period - Deflect By Taylor Beck.
2:14 of 1st period - Shot Misses the Net.
2:14 of 1st period - Puck is out of play.
2:15 of 1st period - Daultan Leveillé wins face-off versus Sergey Kalinin in Sasquatch zone.
2:56 of 1st period - Snap shot by Sergey Kalinin.
2:56 of 1st period - Shot Misses the Net.
3:34 of 1st period - Slapshot by Petr Straka.
3:34 of 1st period - Stopped by Antti Raanta with a rebound.
3:36 of 1st period - Slapshot by Jujhar Khaira.
3:36 of 1st period - Shot Blocked by Lane MacDermid.
3:38 of 1st period - Wrist shot by Sergey Kalinin.
3:38 of 1st period - Shot Blocked by Lane MacDermid.
3:44 of 1st period - Wrist shot by Petr Straka.
3:44 of 1st period - Shot Blocked by Spencer Machacek.
3:46 of 1st period - Backhand shot by Petr Straka.
3:46 of 1st period - Stopped by Antti Raanta without a rebound.
3:47 of 1st period - Andrej Nestrasil wins face-off versus Devin Shore in Demolitions zone.
4:01 of 1st period - Off-side.
4:02 of 1st period - Quinton Howden wins face-off versus Phil McRae in neutral zone.
4:40 of 1st period - Snap shot by Matt Halischuk.
4:40 of 1st period - Stopped by Antti Raanta with a rebound.
5:06 of 1st period - Tommy Vannelli is hit by Teemu Hartikainen and loses puck.
6:19 of 1st period - Ian Cole is hit by Michael Ferland and loses puck.
6:32 of 1st period - Minor Penalty to Ian Cole for Tripping.
6:33 of 1st period - Sergey Kalinin wins face-off versus Daultan Leveillé in Sasquatch zone.
6:33 of 1st period - Sergey Kalinin is hit by Lane MacDermid.
6:59 of 1st period - Martin Marincin is hit by Robert Bortuzzo.
7:42 of 1st period - Slapshot by Petr Straka.
7:42 of 1st period - Stopped by Antti Raanta with a rebound.
8:32 of 1st period - Penalty to Ian Cole is over, Ian Cole is back on ice.
8:44 of 1st period - Snap shot by J.T. Brown.
8:44 of 1st period - Shot Blocked by Jimmy Vesey.
9:31 of 1st period - Wrist shot by Sergey Kalinin.
9:31 of 1st period - Stopped by Antti Raanta without a rebound.
9:32 of 1st period - Christoph Bertschy wins face-off versus Sergey Kalinin in Demolitions zone.
9:32 of 1st period - Christoph Bertschy is hit by Sergey Kalinin.
10:28 of 1st period - Nick Pryor is hit by Patrick Wey and loses puck.
10:47 of 1st period - Slapshot by J.T. Brown.
10:47 of 1st period - Stopped by Joonas Korpisalo with a rebound.
11:12 of 1st period - Robert Bortuzzo is hit by Ian Cole and loses puck.
11:33 of 1st period - Dennis Everberg is hit by Ian Cole and loses puck.
11:40 of 1st period - Snap shot by Dennis Everberg.
11:40 of 1st period - Shot Misses the Net.
11:42 of 1st period - Snap shot by Taylor Aronson.
11:42 of 1st period - Shot Blocked by Ian Cole.
11:44 of 1st period - Slapshot by Taylor Aronson.
11:44 of 1st period - Shot Blocked by Sergey Kalinin.
11:46 of 1st period - Wrist shot by Andrej Nestrasil.
11:46 of 1st period - Shot Misses the Net.
11:48 of 1st period - Wrist shot by Taylor Beck.
11:48 of 1st period - Shot Blocked by Ian Cole.
11:50 of 1st period - Snap shot by Taylor Beck.
11:50 of 1st period - Shot Misses the Net.
11:52 of 1st period - Snap shot by Dennis Everberg.
11:52 of 1st period - Stopped by Joonas Korpisalo with a rebound.
11:54 of 1st period - Wrist shot by Dennis Everberg.
11:54 of 1st period - Shot Misses the Net.
11:56 of 1st period - Slapshot by Andrej Nestrasil.
11:56 of 1st period - Shot Misses the Net.
12:00 of 1st period - Slapshot by Taylor Beck.
12:00 of 1st period - Stopped by Joonas Korpisalo with a rebound.
12:02 of 1st period - Snap shot by Taylor Beck.
12:02 of 1st period - Stopped by Joonas Korpisalo with a rebound.
12:04 of 1st period - Snap shot by Taylor Beck.
12:04 of 1st period - Shot Misses the Net.
12:06 of 1st period - Snap shot by Andrej Nestrasil.
12:06 of 1st period - Shot Misses the Net.
12:08 of 1st period - Snap shot by Dennis Everberg.
12:08 of 1st period - Shot Blocked by Sergey Kalinin.
12:34 of 1st period - Wrist shot by Andrej Nestrasil.
12:34 of 1st period - Deflect By Taylor Beck.
12:34 of 1st period - Shot Blocked by Sergey Kalinin.
12:34 of 1st period - Puck is out of play.
12:35 of 1st period - Devin Shore wins face-off versus Daultan Leveillé in Sasquatch zone.
12:35 of 1st period - Devin Shore is hit by Jake Muzzin.
12:43 of 1st period - Snap shot by Matt Halischuk.
12:43 of 1st period - Shot Hit the Post.
12:45 of 1st period - Slapshot by Dmitri Orlov.
12:45 of 1st period - Deflect By Matt Halischuk.
12:45 of 1st period - Stopped by Antti Raanta without a rebound.
12:46 of 1st period - Daultan Leveillé wins face-off versus Devin Shore in Demolitions zone.
13:48 of 1st period - Brock Trotter is hit by Ryan Pulock and loses puck.
14:07 of 1st period - Spencer Machacek is hit by Matt Halischuk and loses puck.
14:24 of 1st period - Snap shot by Teemu Hartikainen.
14:24 of 1st period - Stopped by Antti Raanta with a rebound.
14:48 of 1st period - Nikita Tryamkin is hit by Teemu Hartikainen.
15:06 of 1st period - Jake Muzzin is hit by Ian Cole and loses puck.
15:59 of 1st period - Off-side.
16:00 of 1st period - Quinton Howden wins face-off versus Daultan Leveillé in neutral zone.
16:09 of 1st period - Snap shot by Teemu Hartikainen.
16:09 of 1st period - Shot Misses the Net.
16:29 of 1st period - Snap shot by Ian Cole.
16:29 of 1st period - Shot Blocked by Robert Bortuzzo.
16:45 of 1st period - Robert Bortuzzo is hit by Patrick Wey and loses puck.
16:52 of 1st period - Slapshot by Jimmy Vesey.
16:52 of 1st period - Stopped by Antti Raanta without a rebound.
16:53 of 1st period - Daultan Leveillé wins face-off versus Devin Shore in Demolitions zone.
17:02 of 1st period - Snap shot by Lane MacDermid.
17:02 of 1st period - Shot Hit the Post.
17:04 of 1st period - Wrist shot by Spencer Machacek.
17:04 of 1st period - Shot Blocked by Martin Marincin.
17:06 of 1st period - Snap shot by Spencer Machacek.
17:06 of 1st period - Goal by Spencer Machacek - Sasquatch : 0 - Demolitions : 2.
17:07 of 1st period - Daultan Leveillé wins face-off versus Devin Shore in neutral zone.
17:22 of 1st period - Wrist shot by Matt Halischuk.
17:22 of 1st period - Stopped by Antti Raanta with a rebound.
18:44 of 1st period - Snap shot by Lane MacDermid.
18:44 of 1st period - Stopped by Joonas Korpisalo with a rebound.
18:46 of 1st period - Wrist shot by Spencer Machacek.
18:46 of 1st period - Deflect By Daultan Leveillé.
18:46 of 1st period - Shot Misses the Net.
18:46 of 1st period - Puck is out of play.
18:47 of 1st period - T.J. Tynan wins face-off versus Daultan Leveillé in Sasquatch zone.
19:11 of 1st period - Daultan Leveillé is hit by Martin Frk and loses puck.
19:26 of 1st period - Snap shot by Spencer Machacek.
19:26 of 1st period - Stopped by Joonas Korpisalo with a rebound.
19:40 of 1st period - Backhand shot by Brock Trotter.
19:40 of 1st period - Shot Misses the Net.
19:44 of 1st period - Slapshot by Brock Trotter.
19:44 of 1st period - Stopped by Antti Raanta without a rebound.
19:45 of 1st period - Andrej Nestrasil wins face-off versus Devin Shore in Demolitions zone.
Goals for this period are 0 for Sasquatch vs 2 for Demolitions.
Shots for this period are 11 for Sasquatch vs 12 for Demolitions.
2nd period
0:01 of 2nd period - Devin Shore wins face-off versus Daultan Leveillé in neutral zone.
0:12 of 2nd period - Snap shot by Matt Halischuk.
0:12 of 2nd period - Shot Misses the Net.
0:35 of 2nd period - Off-side.
0:36 of 2nd period - Devin Shore wins face-off versus Phil McRae in neutral zone.
0:39 of 2nd period - Slapshot by Matt Halischuk.
0:39 of 2nd period - Goal by Matt Halischuk - Sasquatch : 1 - Demolitions : 2.
0:40 of 2nd period - Devin Shore wins face-off versus Spencer Machacek in neutral zone.
0:51 of 2nd period - Snap shot by Spencer Machacek.
0:51 of 2nd period - Stopped by Joonas Korpisalo with a rebound.
1:05 of 2nd period - Lane MacDermid is hit by Teemu Hartikainen and loses puck.
1:18 of 2nd period - Ian Cole is hit by Jake Muzzin and loses puck.
1:25 of 2nd period - Wrist shot by Spencer Machacek.
1:25 of 2nd period - Stopped by Joonas Korpisalo with a rebound.
1:27 of 2nd period - Backhand shot by Jake Muzzin.
1:27 of 2nd period - Shot Misses the Net.
1:31 of 2nd period - Slapshot by Spencer Machacek.
1:31 of 2nd period - Deflect By Daultan Leveillé.
1:31 of 2nd period - Stopped by Joonas Korpisalo without a rebound.
1:32 of 2nd period - Phil McRae wins face-off versus Devin Shore in Sasquatch zone.
1:33 of 2nd period - Wrist shot by J.T. Brown.
1:33 of 2nd period - Deflect By Phil McRae.
1:33 of 2nd period - Stopped by Joonas Korpisalo with a rebound.
2:02 of 2nd period - Wrist shot by Martin Frk.
2:02 of 2nd period - Deflect By Brock Trotter.
2:02 of 2nd period - Shot Misses the Net.
2:02 of 2nd period - Puck is out of play.
2:03 of 2nd period - Andrej Nestrasil wins face-off versus T.J. Tynan in Demolitions zone.
2:03 of 2nd period - Andrej Nestrasil is hit by Brock Trotter.
2:15 of 2nd period - Wrist shot by Brock Trotter.
2:15 of 2nd period - Deflect By T.J. Tynan.
2:15 of 2nd period - Stopped by Antti Raanta without a rebound.
2:16 of 2nd period - Devin Shore wins face-off versus Daultan Leveillé in Demolitions zone.
2:25 of 2nd period - Slapshot by Matt Halischuk.
2:25 of 2nd period - Shot Misses the Net.
2:27 of 2nd period - Slapshot by Patrick Wey.
2:27 of 2nd period - Stopped by Antti Raanta with a rebound.
2:29 of 2nd period - Wrist shot by Jimmy Vesey.
2:29 of 2nd period - Shot Misses the Net.
2:31 of 2nd period - Slapshot by Ian Cole.
2:31 of 2nd period - Shot Blocked by Spencer Machacek.
2:48 of 2nd period - Snap shot by Dennis Everberg.
2:48 of 2nd period - Stopped by Joonas Korpisalo with a rebound.
3:05 of 2nd period - Icing by Nikita Tryamkin.
3:06 of 2nd period - Phil McRae wins face-off versus Quinton Howden in Demolitions zone.
3:15 of 2nd period - Wrist shot by J.T. Brown.
3:15 of 2nd period - Shot Misses the Net.
3:51 of 2nd period - Wrist shot by Taylor Beck.
3:51 of 2nd period - Stopped by Joonas Korpisalo with a rebound.
3:53 of 2nd period - Slapshot by Taylor Beck.
3:53 of 2nd period - Goal by Taylor Beck - Sasquatch : 1 - Demolitions : 3.
3:54 of 2nd period - Daultan Leveillé wins face-off versus Devin Shore in neutral zone.
4:21 of 2nd period - Patrick Wey is hit by Robert Bortuzzo and loses puck.
4:26 of 2nd period - Wrist shot by Dennis Everberg.
4:26 of 2nd period - Deflect By Andrej Nestrasil.
4:26 of 2nd period - Shot Misses the Net.
4:26 of 2nd period - Puck is out of play.
4:27 of 2nd period - Petr Straka wins face-off versus Daultan Leveillé in Sasquatch zone.
4:48 of 2nd period - Minor Penalty to Daultan Leveillé for Tripping.
4:49 of 2nd period - Spencer Machacek wins face-off versus Devin Shore in Demolitions zone.
4:58 of 2nd period - Wrist shot by Jimmy Vesey.
4:58 of 2nd period - Stopped by Antti Raanta with a rebound.
5:30 of 2nd period - Snap shot by Petr Straka.
5:30 of 2nd period - Shot Misses the Net.
6:48 of 2nd period - Penalty to Daultan Leveillé is over, Daultan Leveillé is back on ice.
7:21 of 2nd period - Snap shot by Martin Frk.
7:21 of 2nd period - Shot Misses the Net.
7:29 of 2nd period - Dmitri Orlov is hit by Jared Staal and loses puck.
9:16 of 2nd period - Minor Penalty to Devin Shore for Cross-checking.
9:17 of 2nd period - Sergey Kalinin wins face-off versus Daultan Leveillé in Sasquatch zone.
10:53 of 2nd period - Nikita Tryamkin is hit by Jujhar Khaira and loses puck.
11:16 of 2nd period - Penalty to Devin Shore is over, Devin Shore is back on ice.
11:22 of 2nd period - Snap shot by Martin Frk.
11:22 of 2nd period - Stopped by Antti Raanta with a rebound.
11:28 of 2nd period - Phil McRae is hit by Martin Frk and loses puck.
11:35 of 2nd period - J.T. Brown is hit by Brett Pesce and loses puck.
11:54 of 2nd period - Dmitri Orlov is hit by Michael Ferland and loses puck.
12:14 of 2nd period - Icing by Mirco Mueller.
12:15 of 2nd period - Sergey Kalinin wins face-off versus Phil McRae in Sasquatch zone.
12:15 of 2nd period - Sergey Kalinin is hit by J.T. Brown.
13:26 of 2nd period - Snap shot by Quinton Howden.
13:26 of 2nd period - Shot Misses the Net.
14:02 of 2nd period - Wrist shot by Devin Shore.
14:02 of 2nd period - Shot Misses the Net.
14:04 of 2nd period - Slapshot by Devin Shore.
14:04 of 2nd period - Shot Misses the Net.
14:24 of 2nd period - Wrist shot by Lane MacDermid.
14:24 of 2nd period - Goal by Lane MacDermid - Sasquatch : 1 - Demolitions : 4.
14:25 of 2nd period - Devin Shore wins face-off versus Daultan Leveillé in neutral zone.
14:28 of 2nd period - Spencer Machacek is hit by Devin Shore and loses puck.
14:35 of 2nd period - Slapshot by Lane MacDermid.
14:35 of 2nd period - Shot Misses the Net.
14:37 of 2nd period - Wrist shot by Daultan Leveillé.
14:37 of 2nd period - Stopped by Joonas Korpisalo without a rebound.
14:38 of 2nd period - Devin Shore wins face-off versus Daultan Leveillé in Sasquatch zone.
14:38 of 2nd period - Devin Shore is hit by Lane MacDermid.
14:50 of 2nd period - Wrist shot by Jimmy Vesey.
14:50 of 2nd period - Shot Blocked by Jake Muzzin.
14:52 of 2nd period - Wrist shot by Ian Cole.
14:52 of 2nd period - Shot Blocked by Jake Muzzin.
14:54 of 2nd period - Slapshot by Ian Cole.
14:54 of 2nd period - Shot Blocked by Jake Muzzin.
16:13 of 2nd period - Wrist shot by Christoph Bertschy.
16:13 of 2nd period - Shot Misses the Net.
16:33 of 2nd period - Wrist shot by Andrej Nestrasil.
16:33 of 2nd period - Stopped by Joonas Korpisalo without a rebound.
16:34 of 2nd period - Andrej Nestrasil wins face-off versus Jujhar Khaira in Sasquatch zone.
18:17 of 2nd period - Wrist shot by Jujhar Khaira.
18:17 of 2nd period - Shot Misses the Net.
18:59 of 2nd period - Wrist shot by Teemu Hartikainen.
18:59 of 2nd period - Stopped by Antti Raanta without a rebound.
19:00 of 2nd period - Lane MacDermid wins face-off versus Sergey Kalinin in Demolitions zone.
19:11 of 2nd period - Slapshot by Sergey Kalinin.
19:11 of 2nd period - Deflect By Petr Straka.
19:11 of 2nd period - Stopped by Antti Raanta with a rebound.
19:25 of 2nd period - Devin Shore is hit by Taylor Beck and loses puck.
Goals for this period are 1 for Sasquatch vs 2 for Demolitions.
Shots for this period are 7 for Sasquatch vs 10 for Demolitions.
3rd period
0:01 of 3rd period - Daultan Leveillé wins face-off versus Matt Halischuk in neutral zone.
0:24 of 3rd period - Icing by Lane MacDermid.
0:25 of 3rd period - Daultan Leveillé wins face-off versus Sergey Kalinin in Demolitions zone.
0:38 of 3rd period - Snap shot by Andrej Nestrasil.
0:38 of 3rd period - Stopped by Joonas Korpisalo with a rebound.
0:50 of 3rd period - Nikita Tryamkin is hit by Matt Halischuk and loses puck.
0:57 of 3rd period - Snap shot by Jimmy Vesey.
0:57 of 3rd period - Stopped by Antti Raanta without a rebound.
0:58 of 3rd period - Devin Shore wins face-off versus Lane MacDermid in Demolitions zone.
1:46 of 3rd period - Patrick Wey is hit by Andrej Nestrasil and loses puck.
2:34 of 3rd period - Snap shot by Spencer Machacek.
2:34 of 3rd period - Stopped by Joonas Korpisalo without a rebound.
2:35 of 3rd period - Sergey Kalinin wins face-off versus Daultan Leveillé in Sasquatch zone.
2:43 of 3rd period - Slapshot by Dmitri Orlov.
2:43 of 3rd period - Deflect By Jujhar Khaira.
2:43 of 3rd period - Shot Blocked by Lane MacDermid.
2:43 of 3rd period - Puck is out of play.
2:44 of 3rd period - Jujhar Khaira wins face-off versus Daultan Leveillé in Demolitions zone.
4:04 of 3rd period - Daultan Leveillé is hit by Mirco Mueller and loses puck.
5:25 of 3rd period - Snap shot by Spencer Machacek.
5:25 of 3rd period - Stopped by Joonas Korpisalo with a rebound.
6:05 of 3rd period - Minor Penalty to Jujhar Khaira for Hooking.
6:06 of 3rd period - Andrej Nestrasil wins face-off versus Devin Shore in Sasquatch zone.
6:54 of 3rd period - Slapshot by Brock Trotter.
6:54 of 3rd period - Shot Misses the Net.
7:00 of 3rd period - Brock Trotter is hit by Aaron Palushaj and loses puck.
8:05 of 3rd period - Penalty to Jujhar Khaira is over, Jujhar Khaira is back on ice.
8:15 of 3rd period - Icing by Matt Halischuk.
8:16 of 3rd period - Christoph Bertschy wins face-off versus Devin Shore in Sasquatch zone.
8:25 of 3rd period - Michael Ferland is hit by Devin Shore and loses puck.
8:32 of 3rd period - Ryan Pulock is hit by Jimmy Vesey and loses puck.
8:52 of 3rd period - J.T. Brown is hit by Brock Trotter and loses puck.
9:03 of 3rd period - Minor Penalty to Nikita Tryamkin for Hooking.
9:04 of 3rd period - Devin Shore wins face-off versus Alex Hutchings in Demolitions zone.
10:20 of 3rd period - Patrick Wey is hit by Ryan Pulock and loses puck.
11:01 of 3rd period - Taylor Aronson is hit by Martin Frk and loses puck.
11:03 of 3rd period - Penalty to Nikita Tryamkin is over, Nikita Tryamkin is back on ice.
11:12 of 3rd period - Joshua Leivo is hit by Quinton Howden and loses puck.
11:19 of 3rd period - Ryan Pulock is hit by Teemu Hartikainen and loses puck.
11:32 of 3rd period - Icing by Martin Marincin.
11:33 of 3rd period - Quinton Howden wins face-off versus Christoph Bertschy in Sasquatch zone.
11:33 of 3rd period - Quinton Howden is hit by Taylor Aronson.
11:43 of 3rd period - Wrist shot by Christoph Bertschy.
11:43 of 3rd period - Shot Misses the Net.
11:45 of 3rd period - Wrist shot by Jared Staal.
11:45 of 3rd period - Shot Misses the Net.
13:17 of 3rd period - Snap shot by Quinton Howden.
13:17 of 3rd period - Stopped by Antti Raanta with a rebound.
14:03 of 3rd period - Snap shot by Spencer Machacek.
14:03 of 3rd period - Stopped by Joonas Korpisalo with a rebound.
14:05 of 3rd period - Slapshot by Nick Pryor.
14:05 of 3rd period - Stopped by Joonas Korpisalo without a rebound.
14:06 of 3rd period - Daultan Leveillé wins face-off versus T.J. Tynan in Sasquatch zone.
14:16 of 3rd period - Snap shot by Tommy Vannelli.
14:16 of 3rd period - Shot Blocked by Ian Cole.
14:18 of 3rd period - Wrist shot by Lane MacDermid.
14:18 of 3rd period - Goal by Lane MacDermid - Sasquatch : 1 - Demolitions : 5.
14:19 of 3rd period - Andrej Nestrasil wins face-off versus Devin Shore in neutral zone.
14:27 of 3rd period - Minor Penalty to Ian Cole for Cross-checking.
14:28 of 3rd period - Daultan Leveillé wins face-off versus Sergey Kalinin in Sasquatch zone.
14:30 of 3rd period - Wrist shot by Daultan Leveillé.
14:30 of 3rd period - Stopped by Joonas Korpisalo without a rebound.
14:31 of 3rd period - Daultan Leveillé wins face-off versus Sergey Kalinin in Sasquatch zone.
15:00 of 3rd period - Slapshot by Spencer Machacek.
15:00 of 3rd period - Shot Blocked by Jujhar Khaira.
15:54 of 3rd period - Slapshot by Petr Straka.
15:54 of 3rd period - Deflect By Brock Trotter.
15:54 of 3rd period - Stopped by Antti Raanta with a rebound.
16:12 of 3rd period - Jujhar Khaira is hit by Dennis Everberg and loses puck.
16:27 of 3rd period - Penalty to Ian Cole is over, Ian Cole is back on ice.
16:35 of 3rd period - Dmitri Orlov is hit by Phil McRae and loses puck.
16:56 of 3rd period - Snap shot by Ian Cole.
16:56 of 3rd period - Stopped by Antti Raanta without a rebound.
16:57 of 3rd period - Christoph Bertschy wins face-off versus Devin Shore in Demolitions zone.
17:17 of 3rd period - Matt Halischuk is hit by Christoph Bertschy.
17:40 of 3rd period - Jimmy Vesey is hit by Christoph Bertschy.
17:48 of 3rd period - Jimmy Vesey is hit by Michael Ferland and loses puck.
17:55 of 3rd period - Dmitri Orlov is hit by Nikita Tryamkin and loses puck.
18:10 of 3rd period - Snap shot by Jimmy Vesey.
18:10 of 3rd period - Shot Hit the Post.
18:12 of 3rd period - Snap shot by Jimmy Vesey.
18:12 of 3rd period - Stopped by Antti Raanta without a rebound.
18:13 of 3rd period - Sergey Kalinin wins face-off versus Andrej Nestrasil in Demolitions zone.
18:29 of 3rd period - Minor Penalty to Jujhar Khaira for Elbowing.
18:30 of 3rd period - Sergey Kalinin wins face-off versus Daultan Leveillé in Sasquatch zone.
18:30 of 3rd period - Sergey Kalinin is hit by Robert Bortuzzo.
Goals for this period are 0 for Sasquatch vs 1 for Demolitions.
Shots for this period are 5 for Sasquatch vs 7 for Demolitions.
Back to the Top